 Dungeon Crawl Stone Soup version 0.21.1-1-g345015fe64 (webtiles) character file.

262479 Ingvold the Executioner (level 19, -1/155 HPs)
             Began as a Hill Orc Fighter on May 31, 2018.
             Was a High Priest of Okawaru.
             Splashed by an acid blob's acid (7 damage)
             ... created by the Royal Jelly
             ... on level 4 of the Pits of Slime on June 1, 2018.
             The game lasted 02:57:58 (37865 turns).

Ingvold the Executioner (Hill Orc Fighter)         Turns: 37865, Time: 02:57:59

Health: -1/155     AC: 27    Str: 31    XL:     19   Next: 99%
Magic:  30/35      EV:  9    Int: 12    God:    Okawaru [*****.]
Gold:   2674       SH: 20    Dex:  8    Spells: 18/18 levels left

rFire    + . .     SeeInvis .   Q - +7 broad axe of Symmetry {chop, rF- MR++}
rCold    + + .     Gourm    .   M - +2 shield of Fasumn {rElec rN+ Str-2}
rNeg     + . .     Faith    +   H - +6 crystal plate armour "Puzaotzu" {MR+ MP+9}
rPois    .         Spirit   .   i - +1 hat "Suntom" {rF++ rC+}
rElec    +         Reflect  .   O - -6 cloak of Wonder {Str+8 Int+4 Dex-2 Stlth-}
rCorr    +         Harm     .   I - +0 pair of gloves
MR       ++++.                  s - +0 pair of boots {Fly}
Stlth    ..........             y - amulet of faith
HPRegen  0.00/turn              z - ring of protection from cold
MPRegen  0.24/turn              S - ring of resist corrosion

@: heroism, finesse, corroded, flying
A: blurry vision 2, frail 1, screaming 1, inhibited regeneration, weak 1,
MP-powered wands
}: 2/15 runes: decaying, gossamer
a: Heroism, Finesse, Renounce Religion, Stop Flying


You were on level 4 of the Pits of Slime.
You worshipped Okawaru.
Okawaru was extremely pleased with you.
You were not hungry.

You visited 6 branches of the dungeon, and saw 35 of its levels.
You visited the Abyss 1 time.
You also visited: Sewer, Bailey and Ice Cave.

You collected 2710 gold pieces.
You spent 36 gold pieces at shops.

Inventory:

Hand Weapons
 q - the +0 broad axe of Uheacla {speed, *Corrode rPois rC+ Dex+4}
   (You found it on level 9 of the Dungeon)

   Attacks with this weapon are significantly faster.
   It affects your dexterity (+4).
   It protects you from cold.
   It protects you from poison.
   It may corrode you when you take damage.
 J - a +5 war axe of flaming
 Q - the +7 broad axe of Symmetry (weapon) {chop, rF- MR++}
   (Okawaru gifted it to you on level 12 of the Dungeon)

   It inflicts extra damage upon your enemies.
   It makes you vulnerable to fire.
   It affects your resistance to hostile enchantments.
 U - the +8 broad axe of Vumiodwusaamp {venom, Str+4}
   (Okawaru gifted it to you on level 14 of the Dungeon)

   It poisons the flesh of those it strikes.
   It affects your strength (+4).
Armour
 c - the +1 scale mail of Unambiguity {+Fly rC+ Stlth+, unknown}
   (Okawaru gifted it to you on level 3 of the Pits of Slime)

   It protects you from cold.
   It lets you fly.
   It makes you more stealthy.
 i - the +1 hat "Suntom" (worn) {rF++ rC+}
   (Okawaru gifted it to you on level 3 of the Swamp)

   It greatly protects you from fire.
   It protects you from cold.
 s - a +0 pair of boots of flying (worn)
 H - the +6 crystal plate armour "Puzaotzu" (worn) {MR+ MP+9}
   (You found it in a bailey)

   It affects your resistance to hostile enchantments.
   It affects your magic capacity (+9).
 I - a +0 pair of gloves (worn)
 M - the +2 shield of Fasumn (worn) {rElec rN+ Str-2}
   (You found it in a bailey)

   It affects your strength (-2).
   It insulates you from electricity.
   It protects you from negative energy.
 O - the -6 cloak of Wonder (worn) {Str+8 Int+4 Dex-2 Stlth-}
   (Okawaru gifted it to you on level 11 of the Dungeon)

   It affects your strength (+8).
   It affects your intelligence (+4).
   It affects your dexterity (-2).
   It makes you less stealthy.
 W - a +2 helmet of intelligence
Jewellery
 y - an amulet of faith (around neck)
 z - a ring of protection from cold (left hand)
 L - an uncursed ring of protection from magic
 S - a ring of resist corrosion (right hand)
Wands
 b - a wand of iceblast (3)
 l - a wand of scattershot (3)
 x - a wand of random effects (13)
 A - a wand of flame (24)
 B - a wand of disintegration (20)
 D - a wand of polymorph (60)
 F - a wand of paralysis (49)
 K - a wand of acid (13)
 T - a wand of digging (46)
 Z - a wand of enslavement (21)
Scrolls
 a - 5 scrolls of fear
 e - a scroll of fog
 h - 17 scrolls of identify
 m - 10 scrolls of teleportation
 r - 5 scrolls of magic mapping
 v - 8 scrolls of remove curse
 V - 4 scrolls of blinking
Potions
 d - 8 potions of might
 j - 4 potions of heal wounds
 k - a potion of resistance
 o - 6 potions of curing
 w - 2 potions of haste
 C - 2 potions of cancellation
Miscellaneous
 g - 3 phantom mirrors
 N - a sack of spiders
Comestibles
 f - 44 rations


   Skills:
 + Level 16.3(21.3) Fighting
 + Level 21.9(26.9) Axes
 + Level 18.0(23.0) Armour
 + Level 18.8(23.8) Shields
 + Level 8.3 Invocations
 + Level 10.3 Evocations


You had 18 spell levels left.
You didn't know any spells.

Dungeon Overview and Level Annotations

Branches:
Dungeon (15/15)            Temple (1/1) D:4            Lair (6/6) D:9
  Swamp (4/4) Lair:4       Spider (4/4) Lair:2        Slime (5/5) Lair:6
    Orc (0/2) D:9          Vaults (0/5) D:14         Depths (0/5) D:15

Altars:
Ashenzari
Cheibriados
Dithmenos
Elyvilon
Fedhas
Makhleb
Nemelex Xobeh
Okawaru
Qazlal
Ru
Sif Muna
Uskayaw
Vehumet
Wu Jian
Xom
Zin

Shops:
D:4 *   D:7 !   D:11 }

Annotations:
Slime:5 Royal Jelly


Innate Abilities, Weirdness & Mutations

Scrolls take you longer to read.
You are frail. (-10% HP)
You occasionally shout uncontrollably at your foes.
You do not regenerate when monsters are visible.
You are weak. (Str -2)
You expend magic power (3 MP) to strengthen your wands.


Message History

The acid corrodes you!
You are splashed with acid!
The acid burns!
You resist.
* * * LOW HITPOINT WARNING * * *
The Royal Jelly hits you!
* * * LOW HITPOINT WARNING * * *
You are splashed with acid!
The acid burns!
You resist.
* * * LOW HITPOINT WARNING * * *
The azure jelly hits you but does no damage.
The azure jelly closely misses you. The azure jelly completely misses you.
The azure jelly hits you but does no damage.
You fly upwards.
There is a stone staircase leading down here.
You feel much better. The acid blob hits you!
* * * LOW HITPOINT WARNING * * *
You are splashed with acid!
The acid burns!
You resist.
* * * LOW HITPOINT WARNING * * *
The acid blob spits acid at you. The splash of acid hits you! You resist.
* * * LOW HITPOINT WARNING * * *
You are splashed with acid!
The acid burns!
You resist.
You die...

##..............####...#
# #.................#.#.#
##.....................##
#...........<......#....#
##......................#
##....................##
##.#..................#
##......#....JJ.#.......#
#...##.#.....@J..#..##.##
##...##.....JJJ.....# ##
##.............<....#
#................#.##
##...............###
###......#.......#
##.....##......##
##.#.###.......# #...##
#...#..##


You could see 3 acid blobs and 3 azure jellies.

Vanquished Creatures
  Dissolution (Slime:3)
  Mara (Swamp:3)
  Nikola (Swamp:4)
  Jorgrun (Swamp:4)
  A tentacled monstrosity (Swamp:4)
  6 acid blobs
  Gastronok (Lair:2)
  A tentacled starspawn (Abyss:1)
  Frances (Swamp:1)
  4 thorn hunters
  Roxanne (Swamp:1)
  Agnes (Spider:2)
  Kirke (Spider:2)
  5 azure jellies
  5 ghost moths (Spider:4)
  Aizul (Spider:4)
  7 emperor scorpions
  4 very ugly things
  Nessos (D:12)
  A spark wasp (Spider:4)
  Snorg (D:14)
  A fire dragon (shapeshifter) (D:12)
  4 death oozes
  2 green deaths (Swamp:4)
  The ghost of Ingvold the Cleaver, a journeyman HOFi of Okawaru (D:9)
  2 great orbs of eyes
  Fannar (D:12)
  A rakshasa (D:15)
  8 vault guards
  24 hydras
  A catoblepas (Lair:6)
  The ghost of tobi4572 the Spry, a journeyman SpAs of Trog (Slime:2)
  2 centaur warriors (D:15)
  An ogre mage (D:15)
  12 two-headed ogres
  5 death yaks (Lair:6)
  12 alligators
  A deep troll shaman (Lair:6)
  2 thrashing horrors
  A tengu warrior (D:14)
  Nergalle (Lair:2)
  Sonja (D:14)
  A wretched star (Abyss:1)
  82 slime creatures
  A sea snake (shapeshifter) (D:15)
  3 unseen horrors (D:14)
  3 shambling mangroves
  3 swamp dragons
  3 wizards
  5 deep elf magi
  2 orc knights (Bailey)
  2 oklob plants (Lair:6)
  16 orb spiders
  20 wolf spiders
  An orb spider (shapeshifter) (D:15)
  3 moths of wrath
  3 shining eyes
  2 cyclopes
  37 ugly things
  18 elephants
  A worldbinder (Abyss:1)
  An apocalypse crab (Abyss:1)
  7 black mambas
  2 torpor snails
  A manticore (D:12)
  5 ice statues (IceCv)
  3 orange demons (Swamp:4)
  5 smoke demons (Abyss:1)
  19 spiny frogs
  2 gargoyles (D:12)
  3 eyes of devastation
  8 komodo dragons
  12 demonic crawlers
  2 anaconda simulacra (IceCv)
  36 jumping spiders
  A merfolk (D:9)
  A golden dragon simulacrum (IceCv)
  3 meliai (Spider:3)
  2 trolls
  2 polar bears (Lair:6)
  3 tyrant leeches
  16 hornets
  The ghost of Delanovic the Skirmisher, an amateur DsMo (D:3)
  Grinder (D:5)
  10 blink frogs
  11 bog bodies
  7 hippogriffs
  Prince Ribbit (D:5)
  4 shadows
  A dire elephant simulacrum (IceCv)
  A spriggan (shapeshifter) (D:15)
  10 spriggans
  2 water elementals (D:14)
  A vampire (D:15)
  47 redbacks
  A wyvern (Lair:3)
  6 hogs (Spider:2)
  2 hungry ghosts (D:13)
  A ynoxinul (Abyss:1)
  28 tarantellas
  6 small abominations (Abyss:1)
  4 golden eyes (Slime:2)
  46 yaks
  A wraith (D:14)
  A steam dragon (D:12)
  3 basilisks
  18 vampire mosquitoes
  A harpy simulacrum (IceCv)
  A soldier ant (D:14)
  3 large abominations
  9 insubstantial wisps
  A soldier ant (shapeshifter) (D:15)
  20 swamp worms
  18 water moccasins
  A water moccasin (shapeshifter) (D:15)
  3 hydra simulacra (IceCv)
  A hell hound (Abyss:1)
  6 porcupines
  4 black bears
  3 necrophages
  7 swamp drakes
  10 ice beasts
  16 orc warriors
  2 phantoms
  An ettin simulacrum (IceCv)
  5 sky beasts
  5 boggarts (D:15)
  3 eyes of draining
  7 ogres
  10 wolves
  7 centaurs
  6 crocodiles
  5 big kobolds
  18 bullfrogs
  10 killer bees (D:11)
  4 scorpions
  5 howler monkeys
  16 wights
  3 electric eels
  7 crimson imps
  6 centaur zombies
  3 quasits
  7 jellies
  4 orc priests
  6 hounds
  A bullfrog skeleton (D:11)
  17 orc wizards
  A gnoll shaman (D:8)
  5 centaur skeletons
  Natasha (thrice) (D:3)
  3 iguanas
  5 hell rats (Lair:3)
  13 worker ants
  2 killer bee zombies
  A hound zombie (D:10)
  A howler monkey zombie (D:10)
  7 gnolls
  9 adders
  A river rat (Sewer)
  3 shadow imps
  3 ufetubi (Abyss:1)
  7 oozes
  An adder zombie (D:6)
  8 worms
  3 dart slugs
  9 leopard geckos
  42 orcs
  6 bats
  7 giant cockroaches
  4 goblins
  9 hobgoblins
  2 jackals (D:1)
  3 quokkas
  3 ball pythons
  4 frilled lizards
  27 kobolds
  8 rats
  12 briar patches
  2 fungi
  8 plants
1168 creatures vanquished.

Vanquished Creatures (others)
  A wolf spider (Spider:4)
  A spiny frog (Swamp:4)
  2 redbacks (Spider:4)
  A vampire mosquito (Swamp:4)
  2 briar patches (Swamp:2)
  4 fungi
  3 plants
  10 starspawn tentacles (Abyss:1)
24 creatures vanquished.

Grand Total: 1192 creatures vanquished

Notes
Turn   | Place    | Note
-------+----------+-------------------------------------------
     0 | D:1      | Ingvold the Hill Orc Fighter began the quest for the Orb.
     0 | D:1      | Reached XP level 1. HP: 19/19 MP: 1/1
   300 | D:1      | Reached XP level 2. HP: 27/27 MP: 2/2
   349 | D:1      | Reached skill level 3 in Axes
   503 | D:1      | Reached XP level 3. HP: 33/33 MP: 3/3
   854 | D:2      | Reached XP level 4. HP: 40/40 MP: 4/4
   925 | D:2      | Reached skill level 4 in Axes
  2186 | D:3      | Reached XP level 5. HP: 46/46 MP: 5/5
  2288 | D:3      | Found a radiant altar of Vehumet.
  2507 | D:3      | Noticed Delanovic's ghost (amateur DsMo)
  2542 | D:3      | Killed Delanovic's ghost
  2542 | D:3      | Reached skill level 6 in Axes
  2542 | D:3      | Reached XP level 6. HP: 19/53 MP: 6/6
  2794 | D:3      | Noticed Natasha
  2801 | D:3      | Killed Natasha
  3070 | D:3      | Noticed Natasha
  3084 | D:3      | Killed Natasha
  3277 | D:3      | Noticed Natasha
  3278 | D:3      | Killed Natasha
  3278 | D:3      | Reached skill level 5 in Shields
  3327 | D:3      | Reached XP level 7. HP: 48/60 MP: 7/7
  3470 | D:4      | Reached skill level 5 in Fighting
  3483 | D:4      | Reached skill level 7 in Axes
  3807 | D:4      | Got an iridescent hand axe
  3808 | D:4      | Identified the cursed +1 hand axe of Circular Logic {pain, Dex+4} (You found it on level 4 of the Dungeon)
  3890 | D:4      | Found a staircase to the Ecumenical Temple.
  3903 | Temple   | Entered the Ecumenical Temple
  3911 | Temple   | Became a worshipper of Warmaster Okawaru
  4024 | D:4      | Found Palof's General Store.
  4079 | D:4      | Reached skill level 5 in Armour
  4399 | D:5      | Entered Level 5 of the Dungeon
  4418 | D:5      | Reached skill level 8 in Axes
  4418 | D:5      | Reached XP level 8. HP: 63/69 MP: 8/8
  4679 | D:5      | Reached * piety under Okawaru
  4711 | D:5      | Reached skill level 9 in Axes
  5492 | D:5      | Noticed Prince Ribbit
  5505 | D:5      | Killed Prince Ribbit
  5505 | D:5      | Reached skill level 1 in Invocations
  5634 | D:6      | Noticed Grinder
  5634 | D:6      | Paralysed by Grinder for 5 turns
  5670 | D:5      | Killed Grinder
  5670 | D:5      | Reached skill level 1 in Evocations
  5670 | D:5      | Reached XP level 9. HP: 67/75 MP: 6/10
  5695 | D:5      | Reached ** piety under Okawaru
  6010 | D:6      | Found a glowing drain.
  6059 | Sewer    | Entered a sewer
  6077 | Sewer    | Reached skill level 10 in Axes
  7083 | D:6      | Found a white marble altar of Elyvilon.
  7216 | D:7      | Found Ybuavvou's Distillery.
  8181 | D:8      | Reached XP level 10. HP: 79/86 MP: 12/12
  8191 | D:8      | Found a flagged portal.
  8201 | Bailey   | Entered a bailey
  8379 | Bailey   | Noticed an orc knight
  8379 | Bailey   | Noticed an orc knight
  8386 | Bailey   | Reached *** piety under Okawaru
  8395 | Bailey   | Killed an orc knight
  8395 | Bailey   | Reached skill level 11 in Axes
  8437 | Bailey   | Killed an orc knight
  8617 | Bailey   | Got an ancient crystal plate armour
  8620 | Bailey   | Got a jewelled shield
  8679 | Bailey   | Identified the +6 crystal plate armour "Puzaotzu" {MR+ MP+9} (You found it in a bailey)
  8690 | Bailey   | Identified the +2 shield of Fasumn {rElec rN+ Str-2} (You found it in a bailey)
  8896 | D:7      | Bought a potion of flight for 36 gold pieces
  9356 | D:9      | Noticed Ingvold's ghost (journeyman HOFi)
  9375 | D:8      | Reached **** piety under Okawaru
  9549 | D:9      | Noticed a two-headed ogre
  9560 | D:9      | Killed a two-headed ogre
  9560 | D:9      | Reached skill level 5 in Invocations
  9579 | D:9      | Killed Ingvold's ghost
  9579 | D:9      | Reached XP level 11. HP: 68/94 MP: 15/15
  9717 | D:9      | Reached skill level 12 in Axes
  9825 | D:9      | Found a staircase to the Orcish Mines.
  9831 | D:9      | Found a staircase to the Lair.
  9856 | D:9      | Got an iridescent broad axe
  9868 | D:9      | Identified the cursed +0 broad axe of Uheacla {speed, *Corrode rPois rC+ Dex+4} (You found it on level 9 of the Dungeon)
 10056 | D:10     | Entered Level 10 of the Dungeon
 10101 | D:10     | Found a snail-covered altar of Cheibriados.
 10122 | D:10     | Reached ***** piety under Okawaru
 10352 | D:10     | Found a blossoming altar of Fedhas.
 10380 | D:10     | Found a sparkling altar of Nemelex Xobeh.
 11082 | D:11     | Noticed a two-headed ogre
 11096 | D:11     | Killed a two-headed ogre
 11096 | D:11     | Received a gift from Okawaru
 11129 | D:11     | Reached skill level 10 in Shields
 11184 | D:11     | Got a pitted cloak {god gift}
 11195 | D:11     | Identified the -6 cloak of Wonder {Str+8 Int+4 Dex-2 Stlth-} (Okawaru gifted it to you on level 11 of the Dungeon)
 11358 | D:11     | Reached skill level 5 in Evocations
 11394 | D:11     | Found Rediomui's Gadget Boutique.
 11495 | D:11     | Reached skill level 10 in Armour
 11508 | D:11     | Reached skill level 13 in Axes
 11508 | D:11     | Reached XP level 12. HP: 51/103 MP: 17/17
 12151 | D:12     | Noticed a two-headed ogre
 12155 | D:12     | Killed a two-headed ogre
 12205 | D:12     | Noticed Fannar
 12217 | D:12     | Killed Fannar
 12303 | D:12     | Noticed Nessos
 12319 | D:12     | Killed Nessos
 12400 | D:12     | Noticed a five-headed hydra
 12411 | D:12     | Killed a one-headed hydra
 12539 | D:12     | Identified a scroll of acquirement
 12601 | D:12     | Found a runed door.
 12632 | D:12     | Received a gift from Okawaru
 12652 | D:12     | Noticed a seven-headed hydra
 12661 | D:12     | Reached skill level 14 in Axes
 12665 | D:12     | Killed a three-headed hydra
 12665 | D:12     | Received a gift from Okawaru
 12671 | D:12     | Noticed a fire dragon
 12671 | D:12     | a torpor snail changed into a fire dragon
 12682 | D:12     | Killed a fire dragon
 12684 | D:12     | Got a scorched broad axe {god gift}
 12717 | D:12     | Identified the +7 broad axe of Symmetry {chop, rF- MR++} (Okawaru gifted it to you on level 12 of the Dungeon)
 12944 | D:13     | Reached XP level 13. HP: 112/112 MP: 18/18
 13010 | D:13     | Identified the Compendium of Dhcmrlchtdj
 13478 | D:14     | Reached skill level 10 in Fighting
 13648 | D:14     | Received a gift from Okawaru
 13739 | D:14     | Noticed Snorg
 13752 | D:14     | Killed Snorg
 13781 | D:14     | Noticed Sonja
 14111 | D:14     | Reached skill level 15 in Axes
 14111 | D:14     | Received a gift from Okawaru
 14118 | D:14     | Got a crystal broad axe {god gift}
 14119 | D:14     | Identified the +8 broad axe of Vumiodwusaamp {venom, Str+4} (Okawaru gifted it to you on level 14 of the Dungeon)
 14343 | D:14     | Reached ****** piety under Okawaru
 14418 | D:14     | Found a gate to the Vaults.
 14418 | D:14     | Noticed a vault guard
 14418 | D:14     | Noticed a vault guard
 14418 | D:14     | Noticed a vault guard
 14419 | D:14     | Noticed a vault guard
 14419 | D:14     | Noticed a vault guard
 14422 | D:14     | Noticed a vault guard
 14422 | D:14     | Noticed a vault guard
 14423 | D:14     | Noticed a vault guard
 14496 | D:14     | Killed a vault guard
 14511 | D:14     | Killed a vault guard
 14607 | D:14     | Killed a vault guard
 14678 | D:14     | Received a gift from Okawaru
 14791 | D:14     | Cast into level 1 of the Abyss (Sonja)
 14854 | Abyss:1  | Noticed a tentacled starspawn
 14947 | Abyss:1  | Killed a tentacled starspawn
 15103 | Abyss:1  | Reached XP level 14. HP: 94/122 MP: 19/19
 15391 | Abyss:1  | Received a gift from Okawaru
 15417 | D:14     | Escaped the Abyss
 15424 | D:14     | Killed Sonja
 15679 | D:14     | Reached skill level 16 in Axes
 15695 | D:15     | Entered Level 15 of the Dungeon
 16150 | D:15     | Received a gift from Okawaru
 17180 | D:15     | Reached XP level 15. HP: 127/130 MP: 21/21
 17213 | D:15     | Found a staircase to the Depths.
 17223 | D:15     | Received a gift from Okawaru
 17500 | Lair:1   | Entered Level 1 of the Lair of Beasts
 17699 | Lair:1   | Reached skill level 17 in Axes
 18208 | Lair:2   | Found a hole to the Spider Nest.
 18593 | Lair:2   | Noticed Nergalle
 18605 | Lair:2   | Killed Nergalle
 18686 | Lair:2   | Noticed Gastronok
 18701 | Lair:2   | Killed Gastronok
 19615 | Lair:3   | Got a dazzling hunting sling
 19883 | Lair:4   | Got a faintly glowing robe
 20109 | Lair:4   | Received a gift from Okawaru
 20120 | Lair:4   | Got a faintly humming scale mail {god gift}
 20159 | Lair:4   | Found a staircase to the Swamp.
 21731 | Lair:6   | Entered Level 6 of the Lair of Beasts
 21953 | Lair:6   | Reached XP level 16. HP: 135/139 MP: 22/22
 21963 | Lair:6   | Reached skill level 15 in Shields
 21999 | Lair:6   | Found a staircase to the Slime Pits.
 22094 | Lair:6   | Reached skill level 18 in Axes
 22195 | Lair:6   | Reached skill level 15 in Armour
 22248 | Lair:6   | Received a gift from Okawaru
 22736 | Lair:2   | Identified the cursed +2 hunting sling of Woamoq {speed, rPois} (You found it on level 3 of the Lair of Beasts)
 22840 | Swamp:1  | Entered Level 1 of the Swamp
 22858 | Swamp:1  | Found a frozen archway.
 22919 | IceCv    | Entered an ice cave
 24162 | IceCv    | Got a shimmering flail
 24328 | Swamp:1  | Identified the cursed +0 flail of Himohaowk {flame, *Contam rElec rN+ Dex+7} (You found it in an ice cave)
 24345 | Swamp:1  | Gained mutation: You are frail. (-10% HP) [mutagenic glow]
 24384 | Swamp:1  | Noticed Roxanne
 24443 | Swamp:1  | Killed Roxanne
 24855 | Swamp:1  | Noticed Frances
 24870 | Swamp:1  | Killed Frances
 24870 | Swamp:1  | Received a gift from Okawaru
 24956 | Swamp:1  | Got a steaming ring mail {god gift}
 25116 | Swamp:2  | Reached skill level 10 in Evocations
 25156 | Swamp:2  | Noticed a thorn hunter
 25171 | Swamp:2  | Killed a thorn hunter
 25356 | Swamp:2  | Reached skill level 19 in Axes
 25371 | Swamp:2  | Reached XP level 17. HP: 134/134 MP: 24/24
 26566 | Swamp:3  | Received a gift from Okawaru
 26569 | Swamp:3  | Got a transparent hat {god gift}
 26580 | Swamp:3  | Identified the +1 hat "Suntom" {rF++ rC+} (Okawaru gifted it to you on level 3 of the Swamp)
 26745 | Swamp:3  | Noticed Mara
 26763 | Swamp:3  | Killed Mara
 27205 | Swamp:4  | Entered Level 4 of the Swamp
 27223 | Swamp:4  | Noticed Nikola
 27235 | Swamp:4  | Killed Nikola
 27315 | Swamp:4  | Received a gift from Okawaru
 27696 | Swamp:4  | Reached skill level 20 in Axes
 28011 | Swamp:4  | Noticed Jorgrun
 28019 | Swamp:4  | Killed Jorgrun
 28064 | Swamp:4  | Reached XP level 18. HP: 125/143 MP: 25/25
 28083 | Swamp:4  | Received a gift from Okawaru
 28390 | Swamp:4  | Noticed a tentacled monstrosity
 28410 | Swamp:4  | Killed a tentacled monstrosity
 28839 | Swamp:4  | Got a decaying rune of Zot
 29107 | Spider:1 | Entered Level 1 of the Spider Nest
 29800 | Spider:2 | Noticed Agnes
 29819 | Spider:2 | Killed Agnes
 30168 | Spider:2 | Noticed Kirke
 30184 | Spider:2 | Killed Kirke
 30184 | Spider:2 | Received a gift from Okawaru
 31536 | Spider:4 | Entered Level 4 of the Spider Nest
 31571 | Spider:4 | Received a gift from Okawaru
 32414 | Spider:4 | Reached XP level 19. HP: 144/152 MP: 0/26
 32414 | Spider:4 | Reached skill level 21 in Axes
 32425 | Spider:4 | Reached skill level 15 in Fighting
 33053 | Spider:4 | Noticed Aizul
 33094 | Spider:4 | Killed Aizul
 33866 | Spider:4 | Received a gift from Okawaru
 34089 | Spider:4 | Got a gossamer rune of Zot
 34400 | Slime:1  | Entered Level 1 of the Pits of Slime
 35157 | Slime:2  | Noticed tobi4572's ghost (journeyman SpAs)
 35163 | Slime:2  | Killed tobi4572's ghost
 35291 | Slime:2  | Gained mutation: You expend magic power (3 MP) to strengthen your wands. [a shining eye]
 35740 | Slime:2  | Gained mutation: Scrolls take you a little longer to read. [a shining eye]
 35944 | Slime:3  | Received a gift from Okawaru
 35947 | Slime:3  | Got a faintly humming scale mail {god gift}
 36063 | Slime:3  | Gained mutation: You occasionally shout uncontrollably at your foes. [a shining eye]
 36064 | Slime:3  | Gained mutation: Scrolls take you longer to read. [a shining eye]
 36070 | Slime:3  | Gained mutation: You are weak. (Str -2) [a shining eye]
 36074 | Slime:3  | Gained mutation: You do not regenerate when monsters are visible. [a shining eye]
 36548 | Slime:3  | Noticed Dissolution
 36565 | Slime:3  | Killed Dissolution
 36958 | Slime:5  | Entered Level 5 of the Pits of Slime
 37419 | Slime:5  | Noticed the Royal Jelly
 37863 | Slime:5  | HP: 7/155 [acid (4)]
 37865 | Slime:4  | Splashed by an acid blob's acid

Skill      XL: |  1  2  3  4  5  6  7  8  9 10 11 12 13 14 15 16 17 18 19 |
---------------+----------------------------------------------------------+-----
Axes           | 3 4 6 8 9 10 11 13 14 15 16 17 19 20 21 | 21.9
Fighting       | 4 5 6 7 8 9 10 11 12 13 14 16 | 16.3
Shields        | 4 5 6 7 9 10 11 12 13 14 15 17 18 | 18.8
Armour         | 4 5 6 7 8 10 11 12 13 14 15 16 17 18 | 18.0
Invocations    | 1 3 5 6 7 8 |  8.3
Evocations     | 1 2 4 5 6 7 8 9 10 | 10.3

Action                   |  1- 3 |  4- 6 |  7- 9 | 10-12 | 13-15 | 16-18 | 19-21 || total
-------------------------+-------+-------+-------+-------+-------+-------+-------++-------
Melee: War axe           |   104 |   142 |    77 |   708 |    38 |   119 |       ||  1188
       Hand axe          |       |       |   584 |       |       |       |       ||   584
       Broad axe         |       |       |       |    14 |  1005 |  1572 |   529 ||  3120
Invok: Heroism           |       |       |     2 |     5 |    10 |    12 |     4 ||    33
       Finesse           |       |       |       |     3 |     4 |    11 |     4 ||    22
Evoke: Wand              |       |       |       |    31 |       |    25 |       ||    56
       Sack of spiders   |       |       |       |       |       |     1 |       ||     1
  Use: Potion            |       |     2 |     2 |     1 |     2 |     6 |     4 ||    17
       Scroll            |       |       |    12 |    15 |     6 |    10 |     2 ||    45
 Stab: Distracted        |       |       |       |       |     1 |       |       ||     1
       Petrifying        |       |       |       |       |       |     1 |       ||     1
       Paralysed         |       |       |       |       |       |     1 |       ||     1
  Eat: Chunk             |       |     8 |    17 |    16 |    27 |    27 |     3 ||    98
       Ration            |       |       |       |       |     1 |     2 |     5 ||     8
Armor: Scale mail        |    35 |    53 |    78 |       |       |       |       ||   166
       Chain mail        |       |       |   115 |    30 |       |       |       ||   145
       Crystal plate arm |       |       |       |   320 |   374 |   648 |   311 ||  1653
Dodge: Dodged            |    41 |    49 |   199 |   122 |   144 |   248 |    81 ||   884
Block: Shield            |    58 |    79 |   261 |   450 |   600 |   960 |   317 ||  2725
